 Dungeon Crawl Stone Soup version 0.19.3-4-gbf9329e (webtiles) character file.

3174 protoss039 the Cleaver (level 9, -3/123 HPs)
             Began as a Minotaur Berserker on Jan 29, 2017.
             Was a High Priest of Trog.
             Splashed by a jelly's acid (7 damage)
             ... on level 7 of the Dungeon.
             The game lasted 00:21:12 (5788 turns).

protoss039 the Cleaver (Minotaur Berserker)         Turns: 5788, Time: 00:21:13

Health: -3/123     AC: 12    Str: 21 (23) XL:     9   Next: 63%
Magic:  8/8        EV:  2    Int:  2 (4)  God:    Trog [*****.]
Gold:   314        SH: 12    Dex: 10 (12) Spells: 0 memorised, 8 levels left

rFire  . . .     SeeInvis .     a - +0 hand axe
rCold  . . .     Gourm    .     (armour currently unavailable)
rNeg   + + +     Faith    .     h - +1 shield
rPois  +         Spirit   .     (helmet currently unavailable)
rElec  .         Reflect  .     (cloak currently unavailable)
rCorr  .         Harm     .     (gloves currently unavailable)
MR     .....     NoTele   +     (boots currently unavailable)
Stlth  +.........               (no amulet)
                                (no ring)
                                (no ring)

@: tree-form, corroded
A: (retaliatory headbutt), (horns 0)
a: Berserk, Trog's Hand, Brothers in Arms, Burn Spellbooks, Renounce Religion


You were on level 7 of the Dungeon.
You worshipped Trog.
Trog was extremely pleased with you.
You were near starving.
You were a tree.
You visited 2 branches of the dungeon, and saw 8 of its levels.

You collected 314 gold pieces.

Inventory:

Hand Weapons
 a - a +0 hand axe (weapon)
 x - a +3 mace
Missiles
 b - 4 tomahawks of returning (quivered)
Armour
 e - a +0 cloak (melded)
 h - a +1 shield (worn)
 s - a +2 chain mail of poison resistance (melded)
 B - a +2 pair of gloves (melded)
Wands
 q - a wand of disintegration (7/24)
 D - a wand of digging (13/24)
 G - a wand of flame (15/48)
Scrolls
 f - a scroll of remove curse
 j - 3 scrolls of teleportation
 o - a scroll of enchant armour
 p - 3 scrolls of identify
 r - a scroll of fog
 y - a scroll of fear
 F - a scroll of magic mapping
 H - a scroll of blinking {unknown}
Potions
 g - 2 potions of might {unknown}
 i - 3 potions of lignification
 m - a potion of cure mutation
 n - 3 potions of degeneration
 t - a potion of mutation {unknown}
 u - a potion of heal wounds {unknown}
 w - 2 potions of berserk rage {unknown}
 A - a potion of brilliance {unknown}
 C - 2 potions of flight {unknown}
 E - a potion of curing {unknown}
Comestibles
 c - 8 bread rations
 d - 2 beef jerkies
 k - 5 meat rations
 l - 3 slices of pizza
 v - 7 fruits


   Skills:
 * Level 8.6 Fighting
 * Level 9.0(9.8) Axes
 + Level 6.1(8.5) Maces & Flails
 + Level 6.4 Armour
 - Level 2.2 Dodging
 * Level 7.6 Shields


You had 8 spell levels left.
You didn't know any spells.

Dungeon Overview and Level Annotations

Branches:
Dungeon (7/15)             Temple (1/1) D:5

Altars:
Ashenzari
Cheibriados
Dithmenos
Elyvilon
Fedhas
Gozag
Hepliaklqana
Makhleb
Nemelex Xobeh
Qazlal
Ru
Sif Muna
Trog
Uskayaw
Vehumet
Xom
Yredelemnul
Zin

Annotations:
D:7 exclusion: oklob plant


Innate Abilities, Weirdness & Mutations

((You reflexively headbutt those who attack you in melee.))
((You have a pair of horns on your head.))


Message History

The jelly is almost dead.
You feel less exhausted. The jelly hits you but does no damage.
Your shield prevents you from hitting the jelly.
The jelly is severely wounded.
You block the jelly's attack. x2
It was a potion of degeneration.
There was something very wrong with that liquid.
You feel weakened.
You feel dopey.
You feel clumsy. You block the jelly's attack.
It was a potion of cure mutation.
It has a very clean taste.
You feel yourself speed up. You block the orc's attack. The jelly hits you.
* * * LOW HITPOINT WARNING * * *
You are splashed with acid!
The acid burns!
* * * LOW HITPOINT WARNING * * *
The jelly hits you.
* * * LOW HITPOINT WARNING * * *
You are splashed with acid!
The acid burns!
You die...

...#############
.......J♣)......
#
######o#######.
..# #(# ....###
#)# P......##.#
#....# ####.#
######### #.#
#.......## #.#


You could see a jelly and an orc.

Vanquished Creatures
  Pikel (D:4)
  Prince Ribbit (D:5)
  Sigmund (D:4)
  An orc warrior (D:7)
  2 sky beasts (D:7)
  An ogre (D:7)
  A phantom (D:4)
  A necrophage (D:7)
  A centaur (D:7)
  A bullfrog (D:6)
  A gnoll sergeant (D:7)
  A water moccasin zombie (D:6)
  A scorpion (D:6)
  3 howler monkeys (D:7)
  A centaur zombie (D:5)
  A crimson imp (D:7)
  2 bullfrog zombies (D:5)
  4 centaur skeletons
  2 hounds
  5 jellies (D:7)
  Crazy Yiuf (D:2)
  A quasit (D:6)
  6 orc priests
  Jessica (D:3)
  Natasha (thrice) (D:3)
  5 worker ants
  5 orc wizards
  2 hound skeletons
  4 gnolls (D:7)
  7 adders
  A shadow imp (D:6)
  15 oozes
  3 worms
  A dart slug (D:2)
  4 leopard geckos
  30 orcs
  7 bats
  5 giant cockroaches
  12 goblins
  8 hobgoblins
  6 jackals
  A quokka (D:7)
  A ball python (D:1)
  7 frilled lizards
  A jackal skeleton (D:5)
  12 kobolds
  A leopard gecko skeleton (D:4)
  5 rats
187 creatures vanquished.

Vanquished Creatures (others)
  7 fungi (D:7)
7 creatures vanquished.

Grand Total: 194 creatures vanquished

Notes
Turn   | Place    | Note
-------+----------+-------------------------------------------
     0 | D:1      | protoss039 the Minotaur Berserker began the quest for the Orb.
     0 | D:1      | Reached XP level 1. HP: 19/19 MP: 0/0
   520 | D:1      | Reached XP level 2. HP: 27/27 MP: 1/1
   836 | D:1      | Reached XP level 3. HP: 31/34 MP: 2/2
  1276 | D:2      | Reached skill level 4 in Axes
  1277 | D:2      | Reached ** piety under Trog
  1592 | D:2      | Reached skill level 5 in Fighting
  1622 | D:2      | Reached XP level 4. HP: 42/42 MP: 3/3
  1672 | D:2      | Found a runed door.
  1852 | D:2      | Noticed Crazy Yiuf
  1857 | D:2      | Killed Crazy Yiuf
  2080 | D:3      | Found a snail-covered altar of Cheibriados.
  2139 | D:3      | Noticed Natasha
  2145 | D:3      | Killed Natasha
  2145 | D:3      | Reached skill level 1 in Shields
  2145 | D:3      | Reached XP level 5. HP: 46/48 MP: 4/4
  2183 | D:3      | Found a shadowy altar of Dithmenos.
  2273 | D:3      | Reached *** piety under Trog
  2405 | D:3      | Found a blossoming altar of Fedhas.
  2406 | D:3      | Noticed Natasha
  2411 | D:3      | Killed Natasha
  2411 | D:3      | Reached skill level 1 in Maces & Flails
  2561 | D:3      | Noticed Jessica
  2564 | D:3      | Killed Jessica
  2718 | D:3      | Noticed Natasha
  2722 | D:3      | Killed Natasha
  2809 | D:4      | Noticed a phantom
  2836 | D:4      | Killed a phantom
  2836 | D:4      | Reached XP level 6. HP: 43/57 MP: 5/5
  3303 | D:4      | Reached XP level 7. HP: 55/63 MP: 6/6
  3330 | D:4      | Noticed Pikel
  3345 | D:4      | Killed Pikel
  3345 | D:4      | Reached skill level 5 in Maces & Flails
  3345 | D:4      | Reached skill level 5 in Shields
  3536 | D:4      | Noticed Sigmund
  3552 | D:4      | Killed Sigmund
  3552 | D:4      | Reached **** piety under Trog
  3552 | D:4      | Reached skill level 5 in Axes
  3552 | D:4      | Reached skill level 5 in Armour
  3552 | D:4      | Reached XP level 8. HP: 59/73 MP: 7/7
  3573 | D:5      | Entered Level 5 of the Dungeon
  3666 | D:5      | Found a snail-covered altar of Cheibriados.
  3783 | D:5      | Noticed Prince Ribbit
  3799 | D:5      | Killed Prince Ribbit
  3834 | D:5      | Reached skill level 6 in Axes
  4294 | D:5      | Found a shimmering altar of Xom.
  4296 | D:5      | Found a basalt altar of Yredelemnul.
  4296 | D:5      | Found a burning altar of Makhleb.
  4303 | D:5      | Found a basalt altar of Yredelemnul.
  4303 | D:5      | Found an opulent altar of Gozag.
  4303 | D:5      | Found a burning altar of Makhleb.
  4389 | D:5      | Found a staircase to the Ecumenical Temple.
  4679 | Temple   | Entered the Ecumenical Temple
  5156 | D:6      | Reached skill level 7 in Axes
  5211 | D:6      | Reached XP level 9. HP: 78/81 MP: 8/8
  5545 | D:7      | Reached skill level 8 in Axes
  5622 | D:7      | Noticed an oklob plant
  5747 | D:7      | Reached ***** piety under Trog
  5755 | D:7      | Reached skill level 9 in Axes
  5788 | D:7      | HP: 5/123 [acid (5)]
  5788 | D:7      | Splashed by a jelly's acid

Skill      XL: |  1  2  3  4  5  6  7  8  9 |
---------------+----------------------------+-----
Fighting       | 4 5 6 7 8 |  8.6
Armour         | 3 5 6 |  6.4
Axes           | 4 5 7 9 |  9.0
Shields        | 1 2 3 5 6 7 |  7.6
Maces & Flails | 2 3 5 6 |  6.1
Dodging        | |  2.2

Action                   |  1- 3 |  4- 6 |  7- 9 || total
-------------------------+-------+-------+-------++-------
Melee: Hand axe          |    86 |     6 |   300 ||   392
       Headbutt          |    17 |    24 |    79 ||   120
       Mace              |       |   130 |    46 ||   176
Invok: Burn Spellbooks   |       |     1 |     2 ||     3
       Berserk           |       |       |     2 ||     2
       Trog's Hand       |       |       |     1 ||     1
  Use: Scroll            |       |     8 |     4 ||    12
       Potion            |       |       |     3 ||     3
  Eat: Chunk             |     2 |     6 |     9 ||    17
Armor: Animal skin       |    12 |       |       ||    12
       Ring mail         |     9 |       |       ||     9
       Scale mail        |     5 |    53 |       ||    58
       Chain mail        |       |     7 |   137 ||   144
       Skin              |       |       |     7 ||     7
Dodge: Dodged            |    38 |    35 |    60 ||   133
Block: Shield            |    23 |    52 |   179 ||   254
